AoeStats
← jphilkill

African Clearing

505618664Analyzed
4v4 RM · 23d ago on Sep 10, 2026· 66m 29s· 8 players
Game mode
Random Map
Map size
Large (8 player)
Population
200
Speed
Normal
Resources
Standard
Victory
Conquest
Starting age
Dark Age
Ending age
Imperial Age
RankedLock teamsTeams togetherTeam positionsShared explorationLock speedFull tech treeHidden civsTurbo modeCheats
Victory
Defeat
🇦🇺 Magyars · Australia
1104
+15
🇪🇸 Khmer · Spain
1066
+17
1051
+18
🇩🇪 Dravidians · Germany
1024
+19
🇳🇿 Khitans · New Zealand
1146
-19
🇺🇸 Khmer · United States
1135
-19
🇳🇿 Romans · New Zealand
1123
-19
🇩🇪 Huns · Germany
949
-12
—»¬ ° • G ¡ ø 49k .
5:07 Loom
11:29 Feudal Age
18:29 Castle Age
17:13 Stone Mining
28:18 Wheelbarrow
27:28 Town Watch
28:58 Gold Mining
28:55 Horse Collar
29:12 Double-Bit Axe
31:30 Bow Saw
32:29 Bloodlines
32:19 Husbandry
33:00 Fletching
33:10 Padded Archer Armor
33:20 Forging
33:16 Scale Barding Armor
35:02 Scale Barding Armor
35:28 Heavy Plow
35:33 Bodkin Arrow
35:54 Leather Archer Armor
37:03 Hand Cart
36:48 Town Patrol
39:47 Ballistics
39:22 Murder Holes
42:30 Imperial Age
40:50 Leather Archer Armor
40:41 Pikeman
41:22 Squires
41:07 Arson
42:26 Iron Casting
41:51 Scale Mail Armor
42:27 Squires
42:12 Arson
43:47 Heavy Camel Rider
46:16 Light Cavalry
49:43 Hussar
52:05 Gold Shaft Mining
53:40 Onager
57:32 Chemistry
56:34 Nomads
56:39 Elite Mangudai
58:01 Capped Ram
59:02 Siege Ram
61:50 Drill
Tadeo02
13:17 Feudal Age
14:38 Wheelbarrow
19:05 Castle Age
18:57 Horse Collar
19:10 Gold Mining
20:59 Husbandry
26:00 Double-Bit Axe
27:19 Bloodlines
28:12 Heavy Plow
29:12 Forging
30:21 Scale Barding Armor
32:13 Stone Mining
34:24 Gold Shaft Mining
34:26 Stone Shaft Mining
34:49 Hand Cart
34:19 Loom
34:42 Fletching
39:22 Imperial Age
38:26 Iron Casting
38:11 Chain Barding Armor
39:02 Town Watch
40:08 Bodkin Arrow
41:54 Blast Furnace
41:55 Plate Barding Armor
41:07 Cavalier
43:21 Bracer
46:37 Bow Saw
47:00 Conscription
47:05 Elite Battle Elephant
47:51 Tusk Swords
48:29 Hoardings
48:27 Siege Engineers
48:33 Masonry
50:49 Crop Rotation
55:43 Onager
60:27 Chemistry
64:04 Ballistics
64:14 Architecture
63:40 Murder Holes
anonymer Alfred
4:31 Loom
17:21 Feudal Age
18:09 Town Watch
18:18 Stone Mining
18:21 Gold Mining
18:13 Horse Collar
17:59 Man-at-Arms
18:25 Arson
19:22 Double-Bit Axe
37:52 Castle Age
35:56 Fletching
36:06 Padded Archer Armor
37:56 Scale Barding Armor
39:02 Bodkin Arrow
43:20 Ballistics
43:50 Leather Archer Armor
44:34 Medical Corps
46:15 Wheelbarrow
46:06 Heavy Plow
51:09 Imperial Age
48:49 Pikeman
49:29 Squires
49:15 Gambesons
49:44 Scale Mail Armor
50:33 Sanctity
50:45 Thumb Ring
52:20 Conscription
52:52 Halberdier
57:33 Hoardings
58:52 Hand Cart
59:58 Elite Elephant Archer
60:36 Murder Holes
60:52 Masonry
62:12 Block Printing
62:33 Theocracy
64:15 Ring Archer Armor
64:44 Bow Saw
65:06 Bracer
Schleb
13:37 Feudal Age
18:23 Castle Age
19:48 Loom
28:44 Horse Collar
28:52 Double-Bit Axe
35:08 Thumb Ring
36:09 Bow Saw
37:53 Fletching
38:05 Heavy Plow
42:48 Imperial Age
41:26 Bodkin Arrow
41:52 Padded Archer Armor
42:49 Ballistics
42:57 Heavy Cavalry Archer
44:03 Parthian Tactics
44:25 Bracer
46:17 Recurve Bow
46:55 Hoardings
46:47 Leather Archer Armor
48:35 Ring Archer Armor
49:53 Chemistry
49:23 Bloodlines
49:14 Husbandry
55:07 Conscription
55:32 Wheelbarrow
62:32 Hand Cart
62:02 Town Watch
Imyourextasy
15:39 Feudal Age
13:54 Loom
18:52 Castle Age
29:29 Wheelbarrow
32:09 Bloodlines
32:49 Horse Collar
37:26 Gold Mining
38:28 Heavy Plow
38:23 Double-Bit Axe
39:49 Stone Mining
40:30 Hand Cart
39:59 Pikeman
46:08 Imperial Age
44:52 Ballistics
47:18 Conscription
46:59 Double Crossbow
46:19 Elite Ballista Elephant
48:09 Chemistry
53:18 Siege Engineers
59:39 Light Cavalry
61:16 Scale Barding Armor
61:22 Forging
63:19 Capped Ram
FinRahZel
4:50 Loom
13:18 Feudal Age
15:11 Forging
16:36 Scale Barding Armor
18:56 Double-Bit Axe
19:59 Domestication
25:20 Castle Age
25:50 Gold Mining
26:49 Iron Casting
27:09 Husbandry
29:14 Bow Saw
32:28 Scale Mail Armor
34:17 Wheelbarrow
35:01 Chain Mail Armor
35:17 Gambesons
35:33 Squires
39:04 Chain Barding Armor
49:43 Imperial Age
50:10 Capped Ram
52:10 Conscription
51:44 Elite Liao Dao
52:55 Plate Mail Armor
61:03 Fletching
61:10 Siege Ram
62:26 Lamellar Armor
jordan.armstrong
5:49 Loom
12:56 Feudal Age
13:51 Double-Bit Axe
17:21 Forging
17:38 Bloodlines
23:23 Castle Age
24:50 Bow Saw
27:07 Horse Collar
33:40 Wheelbarrow
33:53 Heavy Plow
37:12 Iron Casting
36:37 Scale Mail Armor
36:57 Hand Cart
36:31 Town Watch
37:01 Squires
40:15 Imperial Age
39:02 Ballistas
39:09 Fletching
39:19 Padded Archer Armor
41:41 Heavy Scorpion
42:52 Conscription
47:29 Ballistics
49:32 Chemistry
62:46 Scale Barding Armor
63:42 Blast Furnace
62:07 Light Cavalry
62:48 Husbandry
63:04 Pikeman
jphilkill
4:56 Loom
15:56 Feudal Age
23:07 Castle Age
22:21 Scale Mail Armor
22:17 Double-Bit Axe
23:38 Forging
23:30 Stone Mining
26:15 Wheelbarrow
26:32 Pikeman
28:09 Chain Mail Armor
32:52 Gold Mining
34:17 Horse Collar
37:06 Heavy Plow
37:35 Squires
39:02 Bow Saw
39:54 Gold Shaft Mining
44:02 Elite Skirmisher
45:41 Iron Casting
44:57 Fletching
50:04 Imperial Age
47:37 Husbandry
47:49 Bloodlines
51:12 Conscription
50:29 Halberdier
52:12 Blast Furnace
56:25 Cavalier
57:17 Scale Barding Armor
57:09 Bodkin Arrow
57:14 Padded Archer Armor
62:23 Thumb Ring
63:58 Light Cavalry
Connection lost

Rejoining the realm…

Still unreachable

The connection could not be restored.

Session expired

The server has moved on; the page needs a fresh start.